 Dungeon Crawl Stone Soup version 0.25.0-15-gac7dcb8919 (webtiles) character file.

Game seed: 1438823272556173619

30 Delamore the Chopper (level 3, 0/46 HPs)
             Began as a Hill Orc Monk on June 29, 2020.
             Slain by a gnoll
             ... wielding a +1 vorpal halberd
              (1 damage)
             ... on level 2 of the Dungeon.
             The game lasted 00:01:34 (1039 turns).

Delamore the Chopper (Hill Orc Monk)                Turns: 1039, Time: 00:01:35

Health: 0/46       AC: 21    Str: 14    XL:     3   Next: 18%
Magic:  3/3        EV:  2    Int: 10    God:
Gold:   64         SH:  0    Dex: 13    Spells: 2/2 levels left

rFire    . . .     SeeInvis .   a - +0 hand axe
rCold    . . .     Gourm    .   (no shield)
rNeg     + + +     Faith    .   (armour currently unavailable)
rPois    +         Spirit   .   (helmet currently unavailable)
rElec    .         Reflect  .   (cloak currently unavailable)
rCorr    .         Harm     .   (gloves currently unavailable)
MR       +....     NoTele   +   (boots currently unavailable)
Stlth    ++........             (no amulet)
HPRegen  0.15/turn              l - ring of protection from magic
MPRegen  0.08/turn              (no ring)

@: tree-form
A: no striking features
a: no special abilities


You were on level 2 of the Dungeon.
You were not hungry.
You were a tree.
You visited 1 branch of the dungeon, and saw 2 of its levels.

You collected 64 gold pieces.

Inventory:

Hand Weapons
 a - a +0 hand axe (weapon)
Armour
 b - a +0 robe (melded)
 e - a scarf of repulsion (melded)
Jewellery
 l - a ring of protection from magic (left branch)
Scrolls
 f - a scroll of teleportation
 h - a scroll of amnesia
 k - a scroll of remove curse
 n - a scroll of immolation {unknown}
Potions
 d - a potion of heal wounds {unknown}
 j - a potion of berserk rage {unknown}
 m - a potion of lignification
 o - 2 potions of curing
 p - a potion of magic {unknown}
Comestibles
 c - 2 rations


   Skills:
 - Level 3.6 Fighting
 + Level 5.6 Axes
 - Level 2.4 Dodging
 - Level 1.5 Stealth


You had 2 spell levels left.
You didn't know any spells.
Your spell library was empty.

Dungeon Overview and Level Annotations

Branches:
Dungeon (2/15)

Altars:


Message History

Quiver which item? (- for none, * to show all) (? for menu, Esc to quit)
Okay, then.
As you read the scroll labeled VOUBAU LYURE, it crumbles to dust.
It is a scroll of identify.
k - a scroll of remove curse The gnoll hits you but does no damage.
As you read the scroll of identify, it crumbles to dust.
h - a scroll of amnesia
As you read the scroll of identify, it crumbles to dust.
f - a scroll of teleportation The gnoll hits you from afar with a +1 vorpal halberd!
* * * LOW HITPOINT WARNING * * *
x2 You cannot teleport because you are held in place by your roots.
The gnoll hits you but does no damage. The gnoll barely misses you.
The gnoll hits you but does no damage. The gnoll hits you but does no damage.
The gnoll hits you from afar with a +1 vorpal halberd.
* * * LOW HITPOINT WARNING * * *
You die...

........#
........#
.....g..#
......g.#
###.#######
#..........
####.#.######.
#..#.#.g.g..#
#♣.#.######.#
#..#.######.#
#..g........#
#.##.########
#....# ######


You could see a gnoll.

Vanquished Creatures
  3 dart slugs (D:1)
  2 leopard geckos
  5 goblins
  A hobgoblin (D:1)
  3 bats (D:1)
  2 frilled lizards (D:1)
  A kobold (D:1)
  6 rats (D:1)
23 creatures vanquished.

Notes
Turn   | Place    | Note
-------+----------+-------------------------------------------
     0 | D:1      | Delamore the Hill Orc Monk began the quest for the Orb.
     0 | D:1      | Reached XP level 1. HP: 19/19 MP: 1/1
   316 | D:1      | Reached XP level 2. HP: 26/26 MP: 2/2
   506 | D:1      | Reached skill level 5 in Axes
   691 | D:1      | Reached XP level 3. HP: 31/31 MP: 3/3
  1033 | D:2      | HP: 2/46 [gnoll/+1 vorpal halberd (2)]
  1039 | D:2      | HP: 1/46 [gnoll/+1 vorpal halberd (2)]
  1039 | D:2      | Slain by a gnoll

Illustrated notes

Levels and vault maps discovered:
D:1:      lemuel_arrival_cross, layout_basic, chequers_serial_rivers_micro_c
D:2:      layout_basic, uniq_robin, uniq_natasha

Skill      XL: |  1  2 |
---------------+-------+-----
Axes           | 5 |  5.6
Fighting       | |  3.6
Dodging        | |  2.4
Stealth        | |  1.5

Action                   || total
-------------------------++-------
Melee: Hand axe          ||    57
  Use: Scroll            ||     3
       Potion            ||     2
 Stab: Sleeping          ||     2
Armor: Robe              ||    11
       Skin              ||     6
Dodge: Dodged            ||    31
       Repelled          ||     2
